AoeStats
← Ken

Arena

507279981Analyzed
4v4 RM · 15d ago on Sep 17, 2026· 43m 39s· 8 players
Game mode
Random Map
Map size
Large (8 player)
Population
200
Speed
Normal
Resources
Standard
Victory
Conquest
Starting age
Dark Age
Ending age
Imperial Age
RankedLock teamsTeams togetherTeam positionsShared explorationLock speedFull tech treeHidden civsTurbo modeCheats
Victory
Defeat
🇨🇳 Inca · China
1031
+16
🇨🇳 Franks · China
1030
+16
🇹🇼 Burgundians · Taiwan
1004
+18
🇹🇼 Britons · Taiwan
990
+19
🇺🇸 Spanish · United States
1053
-18
🇳🇱 Tatars · Netherlands
1047
-18
🇨🇴 Turks · Colombia
1043
-17
🇺🇸 Vietnamese · United States
1010
-16
Ken
11:01 Feudal Age
15:01 Castle Age
13:10 Double-Bit Axe
16:05 Bow Saw
17:48 Loom
23:59 Wheelbarrow
27:02 Hand Cart
30:22 Imperial Age
28:19 Husbandry
28:26 Scale Barding Armor
28:32 Forging
27:50 Light Cavalry
30:32 Gold Mining
30:35 Cavalier
32:02 Iron Casting
32:09 Conscription
32:50 Gold Shaft Mining
32:55 Stone Mining
34:07 Chemistry
33:03 Murder Holes
33:41 Paladin
36:53 Chain Barding Armor
36:36 Chivalry
36:38 Scale Mail Armor
36:29 Fletching
36:39 Padded Archer Armor
37:06 Squires
36:27 Pikeman
37:29 Ballistics
38:17 Blast Furnace
38:32 Plate Barding Armor
38:52 Caravan
41:05 #83
40:06 Elite Throwing Axeman
42:04 Fletching
42:14 Scale Mail Armor
42:15 Padded Archer Armor
42:27 Masonry
42:23 Siphons
OAO
7:05 Double-Bit Axe
9:28 Horse Collar
12:19 Feudal Age
12:52 Loom
16:32 Castle Age
15:15 Bow Saw
15:08 Heavy Plow
15:28 Stone Mining
15:32 Gold Mining
17:51 Wheelbarrow
17:51 Town Watch
22:51 Scale Barding Armor
23:44 Cavalier
25:24 Husbandry
30:00 Hand Cart
30:28 Gold Shaft Mining
30:46 Chain Barding Armor
33:11 Imperial Age
31:49 Burgundian Vineyards
32:08 Forging
33:07 Treadmill Crane
33:41 Masonry
33:30 Murder Holes
34:57 Conscription
35:39 Plate Barding Armor
35:23 Fletching
35:13 Paladin
39:02 Iron Casting
38:23 Bodkin Arrow
40:00 Chemistry
39:21 Ballistics
40:12 Guilds
40:04 Caravan
43:32 Ballistics
henry60515
0:46 Loom
10:10 Feudal Age
9:27 Loom
14:28 Castle Age
12:56 Horse Collar
13:03 Double-Bit Axe
14:26 Town Watch
21:45 Wheelbarrow
23:14 Heavy Plow
25:21 Ballistics
24:45 Elite Skirmisher
26:01 Bow Saw
25:59 Fletching
26:10 Padded Archer Armor
32:00 Imperial Age
30:25 Bodkin Arrow
30:52 Leather Archer Armor
30:49 Gold Mining
32:15 Hand Cart
33:16 Conscription
33:25 Bracer
33:52 Siege Engineers
36:22 Chemistry
36:45 Ring Archer Armor
36:20 Warwolf
38:04 Elite Longbowman
42:58 Two-Man Saw
好邻居
3:54 Loom
10:40 Feudal Age
15:49 Castle Age
14:31 Stone Mining
15:34 Double-Bit Axe
15:35 Horse Collar
16:55 Wheelbarrow
17:09 Bow Saw
19:57 Fletching
21:18 Forging
27:46 Gold Mining
32:17 Hand Cart
33:37 Heavy Plow
40:40 Imperial Age
38:36 Scale Mail Armor
39:56 Iron Casting
39:38 Chain Mail Armor
42:03 Conscription
42:19 Plate Mail Armor
43:05 Blast Furnace
42:51 Crop Rotation
42:50 Elite Kamayuk
Xion574
10:14 Feudal Age
14:10 Castle Age
15:54 Double-Bit Axe
17:22 Bow Saw
17:07 Horse Collar
18:38 Heavy Plow
20:21 Wheelbarrow
24:17 Hand Cart
25:02 Forging
24:57 Scale Barding Armor
25:28 Loom
26:14 Town Watch
26:26 Stone Mining
26:27 Gold Mining
27:08 Bloodlines
26:58 Husbandry
30:25 Imperial Age
29:17 Chain Barding Armor
30:31 Elite Keshik
31:33 Conscription
32:40 Iron Casting
32:40 Plate Barding Armor
34:05 Timurid Siegecraft
34:13 Town Patrol
35:24 Silk Armor
39:09 Blast Furnace
38:11 Fletching
38:21 Padded Archer Armor
40:05 Coinage
41:18 Bodkin Arrow
41:38 Leather Archer Armor
40:47 Heavy Cavalry Archer
43:42 Gold Shaft Mining
43:52 Ballistics
44:35 Chemistry
43:42 Siege Engineers
Ben
12:06 Feudal Age
13:01 Double-Bit Axe
12:59 Horse Collar
16:47 Castle Age
15:43 Wheelbarrow
17:36 Heavy Plow
17:47 Bow Saw
19:08 Hand Cart
19:46 Gold Mining
21:22 Fletching
21:49 Padded Archer Armor
23:27 Bodkin Arrow
24:12 Loom
32:52 Imperial Age
33:26 Scale Mail Armor
33:36 Forging
33:42 Leather Archer Armor
34:01 Bracer
34:17 Forging
34:23 Chain Mail Armor
34:23 Leather Archer Armor
34:41 Squires
34:27 Arson
36:12 Two-Man Saw
37:36 Hoardings
39:16 Plate Mail Armor
39:21 Iron Casting
39:53 Crop Rotation
40:13 Paper Money
43:59 Chemistry
43:07 Siege Engineers
43:04 Pikeman
Khmer Kardashian
10:07 Feudal Age
16:12 Castle Age
15:22 Double-Bit Axe
15:25 Horse Collar
19:15 Wheelbarrow
19:07 Town Watch
20:39 Heavy Plow
23:49 Stone Mining
29:00 Imperial Age
26:22 Loom
27:42 Forging
28:03 Hand Cart
27:54 Fletching
28:53 Gold Mining
29:30 Fortified Wall
31:15 Thumb Ring
30:30 Elite Skirmisher
32:21 Iron Casting
31:42 Bodkin Arrow
32:19 Conscription
32:37 Husbandry
32:47 Bloodlines
32:52 Imperial Skirmisher
34:04 Bow Saw
33:51 Murder Holes
35:17 Pikeman
35:57 Squires
37:13 Blast Furnace
36:14 Bracer
36:42 Redemption
37:53 Hoardings
38:36 Padded Archer Armor
38:36 Scale Mail Armor
43:17 Leather Archer Armor
43:08 Scale Barding Armor
44:06 Chemistry
43:26 Ballistics
Alexss_
9:14 Loom
11:03 Feudal Age
12:28 Loom
15:27 Castle Age
13:39 Double-Bit Axe
14:00 Horse Collar
15:05 Stone Mining
16:29 Wheelbarrow
30:49 Imperial Age
28:09 Town Watch
29:31 Padded Archer Armor
30:00 Hand Cart
29:48 Heavy Plow
29:59 Bow Saw
29:41 Gold Mining
31:35 Leather Archer Armor
31:23 Squires
32:31 Conscription
33:39 Bloodlines
33:30 Husbandry
33:36 Scale Barding Armor
33:42 Forging
33:41 Heavy Camel Rider
34:53 Chain Barding Armor
34:50 Fletching
36:48 Iron Casting
37:06 Artillery
38:18 Plate Barding Armor
Connection lost

Rejoining the realm…

Still unreachable

The connection could not be restored.

Session expired

The server has moved on; the page needs a fresh start.